 Dungeon Crawl Stone Soup version 0.26-a0-808-g930a2b7adc (webtiles) character file.

Game seed: 10496952107250013747

44 Decritt the Gusty (level 3, -6/19 HPs)
             Began as a Tengu Air Elementalist on Nov 12, 2020.
             Shot with an arrow by a centaur (10 damage)
             ... on level 2 of the Dungeon.
             The game lasted 00:04:07 (1959 turns).

Decritt the Gusty (Tengu Air Elementalist)          Turns: 1959, Time: 00:04:08

Health: -6/19      AC: -1    Str:  8    XL:     3   Next: 62%
Magic:  7/7        EV: 13    Int: 16    God:
Gold:   103        SH:  0    Dex: 14    Spells: 5/6 levels left

rFire    . . .     SeeInvis .   d - +2 dagger (venom)
rCold    . . .     Faith    .   (no shield)
rNeg     . . .     Spirit   .   a - +0 robe
rPois    .         Reflect  .   (helmet restricted)
rElec    .         Harm     .   (no cloak)
rCorr    .         Rampage  .   b - +0 pair of gloves
MR       .....                  (boots unavailable)
Stlth    ++........             (no amulet)
HPRegen  0.06/turn              k - -4 ring of protection (curse)
MPRegen  0.10/turn              (no ring)

@: no status effects
A: beak, talons 3
a: no special abilities


You were on level 2 of the Dungeon.
You visited 1 branch of the dungeon, and saw 2 of its levels.

You collected 103 gold pieces.

Inventory:

Hand Weapons
 d - a +2 dagger of venom (weapon)
Missiles
 c - 5 stones (quivered)
 g - 31 sling bullets
Armour
 a - a +0 robe (worn)
 b - a +0 pair of gloves (worn)
Jewellery
 k - a cursed -4 ring of protection (left hand)
Scrolls
 e - a scroll of remove curse {unknown}
 h - a scroll of amnesia {unknown}
 i - a scroll of identify {unknown}
 m - a scroll of enchant armour {unknown}
Potions
 f - a potion of attraction {unknown}
 j - a potion of magic {unknown}
 l - a potion of curing {unknown}


   Skills:
 * Level 3.1 Dodging
 - Level 2.0 Stealth
 + Level 2.3 Spellcasting
 + Level 2.2 Conjurations
 + Level 4.5 Air Magic


You had 5 spell levels left.
You knew the following spells:

 Your Spells              Type           Power        Failure   Level
a - Shock                 Conj/Air       ##..         4%          1

Your spell library contained the following spells:

 Spells                   Type           Power        Failure   Level
 Swiftness                Air            ###.....     4%          2
 Static Discharge         Conj/Air       ##......     14%         3
 Airstrike                Air            ###.......   30%         4
 Lightning Bolt           Conj/Air       ##........   80%         5


Dungeon Overview and Level Annotations

Branches:
Dungeon (2/15)

Altars:
Fedhas


Innate Abilities, Weirdness & Mutations

You have a beak for a mouth.
You have claws for feet.


Message History

The centaur is lightly wounded.
The centaur shoots an arrow.
The arrow closely misses you.
A hobgoblin comes into view. It is wielding a +0 hand axe.
The centaur shoots an arrow.
The arrow hits you!
Ouch! That really hurt!
* * * LOW HITPOINT WARNING * * *
The hobgoblin shouts!
Things that are here:
a +0 short sword; a leopard gecko corpse; a kobold corpse The centaur shoots an arrow.
The arrow misses you.
You see here an arrow.
The centaur shoots an arrow.
The arrow barely misses you.
You see here an arrow.
The centaur shoots an arrow.
The arrow hits you.
* * * LOW HITPOINT WARNING * * *
You see here an arrow.
The centaur shoots an arrow.
The arrow barely misses you.
The centaur shoots an arrow.
The arrow hits you!
Ouch! That really hurt!
You die...

### ## #.. ##.## #.#
##...## #[# #)....
#.# #..(###########
#.# #(gc..(((.@<.#
#.#
#.(((((.#########.#
##.# ######.## #.#
#..# #' #####.####
#.## .. #........#
#.# .c. #.###.#..#
#.## ...( ##.....##
#..# .....
#.......#######...
....................


You could see a centaur.

Vanquished Creatures
  An adder (D:2)
  2 dart slugs
  3 leopard geckos (D:2)
  2 giant cockroaches
  2 hobgoblins
  3 jackals (D:2)
  4 frilled lizards
  4 goblins
  4 kobolds
  3 rats
28 creatures vanquished.

Notes
Turn   | Place    | Note
-------+----------+-------------------------------------------
     0 | D:1      | Decritt the Tengu Air Elementalist began the quest for the
                  | Orb.
     0 | D:1      | Reached XP level 1. HP: 10/10 MP: 4/4
   332 | D:1      | Reached XP level 2. HP: 13/15 MP: 1/6
  1516 | D:2      | Reached XP level 3. HP: 19/19 MP: 7/7
  1591 | D:2      | Found a blossoming altar of Fedhas.
  1949 | D:2      | Noticed a centaur
  1959 | D:2      | Shot with an arrow by a centaur

Illustrated notes

Levels and vault maps discovered:
D:1:      minmay_arrival_hallway, layout_basic
D:2:      layout_loops_corners, fedhas_ov_isle_minmay

Skill      XL: |  1  2  3 |
---------------+----------+-----
Conjurations   | 2 |  2.2
Dodging        | 3 |  3.1
Stealth        | |  2.0
Spellcasting   | |  2.3
Air Magic      | |  4.5

Action                   || total
-------------------------++-------
Melee: Kick              ||     6
       Unarmed           ||     1
       Dagger            ||    44
       Peck              ||     1
Throw: Stone             ||    68
 Cast: Shock             ||    13
Armor: Robe              ||     4
Dodge: Dodged            ||    30

Table legend: (Time is in decaauts)
 A = Elapsed time spent in this place.
 B = Non-inter-level travel time spent in this place.
 C = Inter-level travel time spent in this place.
 D = Time resting spent in this place.
 E = Time spent auto-exploring this place.
 F = Levels seen in this place.
 G = Mean time per level.
                   A        B        C        D        E       F      G
               +--------+--------+--------+--------+--------+-----+--------+
         Total |   1964 |   1938 |     26 |    292 |   1354 |   2 |  982.0 |
       Dungeon |   1964 |   1938 |     26 |    292 |   1354 |   2 |  982.0 |
               +--------+--------+--------+--------+--------+-----+--------+

Top non-repeatable levels by time:
     D:1: 1261 daAuts
     D:2: 702 daAuts
